AoeStats
← kjubab

Black Forest

508902955Analyzed
2v2 RM · 9d ago on Sep 24, 2026· 75m 17s· 4 players
Game mode
Random Map
Map size
Medium (4 player)
Population
200
Speed
Normal
Resources
Standard
Victory
Conquest
Starting age
Dark Age
Ending age
Imperial Age
RankedLock teamsTeams togetherTeam positionsShared explorationLock speedFull tech treeHidden civsTurbo modeCheats
Victory
Defeat
🇺🇸 Spanish · United States
808
+14
🇦🇹 Teutons · Austria
707
+18
🇨🇿 Bohemians · Czechia
778
-17
🇨🇿 Vietnamese · Czechia
723
-15
kjubab
1:33 Loom
12:41 Feudal Age
14:03 Double-Bit Axe
16:55 Castle Age
27:36 Fletching
39:09 Elite Skirmisher
42:22 Chemistry
41:34 Masonry
42:43 Squires
42:29 Arson
42:05 Pikeman
47:27 Wagenburg Tactics
52:54 Forging
52:44 Scale Mail Armor
59:01 Chain Mail Armor
66:24 Husbandry
66:15 Arson
Kedrgda
1:01 Loom
13:46 Feudal Age
14:53 Double-Bit Axe
15:43 Arson
17:50 Horse Collar
26:34 Padded Archer Armor
26:25 Fletching
26:48 Forging
26:39 Scale Mail Armor
38:15 Wheelbarrow
44:50 Castle Age
45:50 Leather Archer Armor
46:10 Heavy Plow
45:59 Elite Skirmisher
47:30 Hand Cart
47:43 Bow Saw
47:54 Caravan
50:08 Pikeman
50:49 Squires
56:48 Bodkin Arrow
60:47 Imperial Age
58:43 Chain Mail Armor
59:19 Iron Casting
64:00 Imperial Skirmisher
75:47 Two-Man Saw
Vienna420
0:32 Loom
15:29 Feudal Age
16:23 Double-Bit Axe
17:40 Wheelbarrow
17:15 Arson
17:34 Man-at-Arms
25:59 Castle Age
24:45 Horse Collar
24:57 Stone Mining
24:58 Gold Mining
28:39 Stone Shaft Mining
28:21 Bow Saw
28:16 Heavy Plow
46:12 Imperial Age
46:33 Onager
47:39 Ballistics
48:14 Crop Rotation
49:20 Two-Man Saw
48:49 Elite Teutonic Knight
51:08 Conscription
52:18 Chemistry
53:04 Caravan
56:11 Town Watch
57:08 Coinage
56:49 Guilds
59:38 Banking
65:31 Crossbowman
Prometheus
10:24 Feudal Age
11:58 Loom
15:37 Castle Age
22:22 Padded Archer Armor
23:31 Horse Collar
23:39 Double-Bit Axe
36:00 Bow Saw
35:53 Heavy Plow
37:37 Leather Archer Armor
54:06 Imperial Age
55:49 Chemistry
60:17 Ballistics
65:19 Elite Conquistador
67:35 Two-Man Saw
67:32 Bombard Tower
71:54 Spies/Treason
74:27 Supremacy
74:19 Sappers
Connection lost

Rejoining the realm…

Still unreachable

The connection could not be restored.

Session expired

The server has moved on; the page needs a fresh start.